 Dungeon Crawl Stone Soup version 0.25-a0-1079-g858b6a6ff6 (webtiles) character file.

Game seed: 15759271419903045219, levelgen mode: deterministic

118036 HoaS the Wrestler (level 16, -21/178 HPs)
             Began as a Gargoyle Berserker on May 15, 2020.
             Was the Champion of Trog.
             Demolished by an alligator (28 damage)
             ... led by an alligator
             ... called by a spriggan druid
             ... on level 3 of the Swamp.
             The game lasted 01:02:49 (29714 turns).

HoaS the Wrestler (Gargoyle Berserker)             Turns: 29714, Time: 01:02:49

Health: -21/178    AC: 36    Str: 22    XL:     16   Next: 75%
Magic:  16/16      EV: 11    Int:  9    God:    Trog [******]
Gold:   1259       SH:  0    Dex: 20    Spells: 15/15 levels left

rFire    . . .     SeeInvis +     - Unarmed
rCold    . . .     Gourm    .   (no shield)
rNeg     + . .     Faith    .   s - +6 plate armour {MR+}
rPois    ∞         Spirit   .   R - +0 mask of the Dragon {MR+ Slay+3 SInv}
rElec    +         Reflect  .   t - +2 cloak {Stlth+}
rCorr    .         Harm     .   S - +2 pair of gloves
MR       +++++                  j - +0 pair of boots
Stlth    ..........             e - amulet of the acrobat
HPRegen  1.39/turn              T - +6 ring of dexterity
MPRegen  0.15/turn              y - +4 ring of evasion

@: berserking, marked, flying, regenerating, studying Unarmed Combat, very quick
A: big wings, negative energy resistance 1, electricity resistance, unbreathing,
petrification resistance, rot immunity, AC +12
a: Stop Flying, Berserk, Trog's Hand, Brothers in Arms, Renounce Religion


You were on level 3 of the Swamp.
You worshipped Trog.
Trog was exalted by your worship.
You were very hungry.

You visited 4 branches of the dungeon, and saw 26 of its levels.

You collected 2461 gold pieces.
You spent 1202 gold pieces at shops.

Inventory:

Armour
 j - a +0 pair of boots (worn)
 s - a +6 plate armour of magic resistance (worn)
 t - a +2 cloak of stealth (worn)
 R - the +0 mask of the Dragon (worn) {MR+ Slay+3 SInv}
   (You bought it in a shop on level 2 of the Orcish Mines)

   It affects your accuracy and damage with ranged weapons and melee attacks
   (+3).
   It affects your resistance to hostile enchantments.
   It lets you see invisible.
 S - a +2 pair of gloves (worn)
Jewellery
 e - an amulet of the acrobat (around neck)
 g - an uncursed amulet of reflection
 l - an uncursed ring of stealth
 y - a +4 ring of evasion (right hand)
 L - an uncursed ring of protection from fire
 N - an uncursed ring of protection from cold
 O - an uncursed ring of fire
 T - a +6 ring of dexterity (left hand)
 U - a +6 ring of dexterity
Wands
 v - a wand of flame (16)
 x - a wand of polymorph (15)
 A - a wand of iceblast (19)
 C - a wand of random effects (17)
 D - a wand of paralysis (23)
 E - a wand of enslavement (21)
 I - a wand of clouds (4)
 K - a wand of acid (21)
 P - a wand of digging (9)
Scrolls
 d - 4 scrolls of immolation
 f - a scroll of summoning
 h - 7 scrolls of remove curse
 k - 10 scrolls of teleportation
 m - a scroll of silence
 n - 6 scrolls of identify
 q - 5 scrolls of fear
 F - a scroll of magic mapping
 J - 3 scrolls of blinking
Potions
 a - 3 potions of curing
 c - 2 potions of mutation
 i - 2 potions of haste
 o - 2 potions of berserk rage
 p - 6 potions of flight
 r - 4 potions of invisibility
 w - 7 potions of ambrosia
 z - a potion of lignification
 G - a potion of heal wounds
 H - 2 potions of cancellation
 M - a potion of might
 Q - 2 potions of resistance
Books
 u - a manual of Unarmed Combat
Comestibles
 b - 38 rations
 B - 5 chunks of flesh


   Skills:
 + Level 20.2 Fighting
 - Level 2.1 Armour
 - Level 1.5 Dodging
 + Level 21.5 Unarmed Combat


You had 15 spell levels left.
You didn't know any spells.
Your spell library was empty.

Dungeon Overview and Level Annotations

Branches:
Dungeon (15/15)            Temple (0/1) D:6            Lair (6/6) D:11
  Swamp (3/4) Lair:4        Snake (0/4) Lair:3          Orc (2/2) D:12
    Elf (0/3) Orc:2        Vaults (0/5) D:13         Depths (0/5) D:15
  Slime: Lair:5-6

Altars:
Ashenzari
Fedhas
Kikubaaqudgha
Makhleb
Beogh

Shops:
Orc:2 *([(

Annotations:
Lair:5 exclusion: 3 oklob plants


Innate Abilities, Weirdness & Mutations

You are resistant to torment.
Your stone body is resilient. (AC +12)
You are immune to poison.
Your large and strong wings let you fly indefinitely.
You resist negative energy. (rN+)
You are resistant to electric shocks. (rElec)
You can survive without breathing.
You are immune to petrification.
You are immune to rotting.


Message History

The alligator tail-slaps you.
* * * LOW HITPOINT WARNING * * *
A red film seems to cover your vision as you go berserk!
You feel yourself moving faster!
You feel mighty!
You are feeling very hungry.
The alligator bites you but does no damage.
The alligator completely misses you.
The alligator bites you but does no damage.
The alligator tail-slaps you.
* * * LOW HITPOINT WARNING * * *
The alligator completely misses you.
The alligator tail-slaps you but does no damage.
The alligator bites you but does no damage.
The alligator tail-slaps you but does no damage.
You pummel the alligator!!
The alligator is heavily wounded.
The alligator barely misses you. The alligator tail-slaps you!
* * * LOW HITPOINT WARNING * * *
The alligator bites you!!
You die...

..#.## .♣♣ ..÷.# ..♣♣
#...######..♣♣♣♣♣ ♣
#...#....#.....≈♣ ♣.
#...#....#..≈≈.≈♣ ♣♣..
.÷.#....#..≈≈≈.♣
.≈..###.#..###..≈≈≈.♣
♣..Wt@t...?...≈≈≈≈♣♣♣♣
♣♣..t)..........≈♣♣..≈
♣♣♣.≈≈$†..§.♣♣♣...≈♣♣.≈.
..>.≈.†≈♣†≈§≈♣♣≈≈.♣♣♣..♣
....≈≈.≈.♣...♣≈≈♣≈♣≈≈♣§♣
≈≈..≈≈≈.♣.≈.♣≈.♣...♣♣§..
≈≈...≈♣♣♣.≈[.♣♣♣.≈≈.....
≈≈≈≈.♣ ≈..≈♣♣ ♣.≈≈≈....
≈≈≈≈♣ ≈.....♣ ♣♣.≈≈.≈≈.


You could see 3 alligators and a shadow.

Vanquished Creatures
  Saint Roka (Orc:2)
  Rupert (Lair:5)
  Kirke (Lair:6)
  An ironheart preserver (D:13)
  A very ugly thing (Swamp:3)
  4 entropy weavers (Lair:3)
  Josephine (Lair:4)
  A fire dragon (D:14)
  7 hydras
  A rakshasa (D:15)
  4 ghost crabs
  A shambling mangrove (Swamp:1)
  4 catoblepae
  6 centaur warriors
  An ogre mage (D:14)
  A death knight (D:14)
  3 two-headed ogres
  7 death yaks
  A death yak (shapeshifter) (D:15)
  A deep troll shaman (Lair:6)
  6 alligators
  4 tengu warriors
  An orc high priest (Orc:2)
  7 fire crabs
  A sea snake (shapeshifter) (D:14)
  A glowing orange brain (D:15)
  3 swamp dragons (Swamp:1)
  A spriggan druid (Swamp:3)
  3 deep elf magi
  A mana viper (shapeshifter) (D:14)
  4 orc knights
  7 ugly things
  2 orc sorcerers
  8 slime creatures
  2 wolf spiders
  A cyclops (D:15)
  2 manticores
  9 elephants
  An elephant (shapeshifter) (D:13)
  An apocalypse crab (Lair:3)
  2 black mambas
  2 gargoyles
  2 torpor snails
  11 spiny frogs
  Maggie (D:7)
  6 komodo dragons
  2 freezing wraiths
  A rime drake (shapeshifter) (D:14)
  An efreet (D:15)
  2 rime drakes
  A queen bee (shapeshifter) (D:14)
  A meliai (D:14)
  A tengu conjurer (D:13)
  5 trolls
  A troll (shapeshifter) (D:15)
  13 tyrant leeches
  2 polar bears (Lair:6)
  Grinder (D:3)
  A bog body (Swamp:1)
  6 hornets
  5 dream sheep
  11 hippogriffs
  14 blink frogs
  A hippogriff (shapeshifter) (D:14)
  Sigmund (D:3)
  4 spriggans
  A spriggan (shapeshifter) (D:15)
  A centaur simulacrum (D:14)
  6 wraiths
  2 shadows
  A hog (Lair:6)
  6 wyverns
  25 yaks
  4 basilisks
  5 hungry ghosts
  21 vampire mosquitoes
  2 soldier ants
  5 swamp worms
  4 wargs
  A naga (Lair:3)
  10 insubstantial wisps
  12 water moccasins
  2 acid dragons
  40 orc warriors
  7 swamp drakes
  9 porcupines
  5 sky beasts
  A black bear (D:13)
  A necrophage (D:12)
  2 phantoms (D:12)
  An eye of draining (D:14)
  4 ice beasts
  A hornet zombie (D:9)
  14 centaurs
  11 wolves
  10 ogres
  14 crocodiles
  2 big kobolds
  21 bullfrogs
  A gnoll sergeant (D:9)
  A wyvern zombie (D:9)
  A wyvern skeleton (D:8)
  4 scorpions
  A water moccasin skeleton (D:8)
  4 killer bees (D:12)
  8 wights
  2 howler monkeys
  An electric eel (Lair:6)
  3 crimson imps
  A bullfrog zombie (D:8)
  5 centaur zombies
  6 hounds
  Crazy Yiuf (D:6)
  3 bullfrog skeletons
  25 orc priests
  2 centaur skeletons
  4 jellies
  4 iguanas
  39 orc wizards
  2 hell rats (Lair:2)
  14 worker ants
  6 ogre zombies (D:12)
  A hound skeleton (D:6)
  A worker ant zombie (D:5)
  13 adders
  9 gnolls
  8 river rats (Lair:2)
  A shadow imp (D:10)
  3 adder skeletons
  2 worms
  3 dart slugs
  9 leopard geckos
  112 orcs
  3 ball pythons
  8 bats
  4 giant cockroaches
  6 goblins
  8 hobgoblins
  4 jackals (D:2)
  2 quokkas
  8 frilled lizards
  3 goblin skeletons (D:12)
  4 goblin zombies (D:12)
  2 hobgoblin skeletons (D:12)
  2 jackal skeletons
  11 kobolds
  A leopard gecko zombie (D:7)
  3 orc skeletons (D:12)
  7 orc zombies (D:12)
  2 quokka zombies
  7 rats
847 creatures vanquished.

Vanquished Creatures (collateral kills)
  3 death yaks (Lair:4)
  A yak (Lair:4)
  2 orc warriors (Orc:2)
  An orc (Orc:2)
7 creatures vanquished.

Vanquished Creatures (others)
  2 tyrant leeches
  6 humans (Lair:6)
  A water moccasin (Lair:6)
  11 fungi (Lair:5)
  8 plants
28 creatures vanquished.

Grand Total: 882 creatures vanquished

Notes
Turn   | Place    | Note
-------+----------+-------------------------------------------
     0 | D:1      | HoaS the Gargoyle Berserker began the quest for the Orb.
     0 | D:1      | Reached XP level 1. HP: 14/14 MP: 1/1
     2 | D:1      | Noticed a demonspawn
     2 | D:1      | Noticed a minotaur
     4 | D:1      | Noticed a gargoyle
     6 | D:1      | Noticed a demigod
     8 | D:1      | Noticed a dwarf
    10 | D:1      | Noticed a troll
    10 | D:1      | Noticed an octopode
    12 | D:1      | Noticed a spriggan
    12 | D:1      | Noticed a formicid
    14 | D:1      | Noticed a ghoul
    14 | D:1      | Noticed an ogre
    16 | D:1      | Noticed a vampire
    16 | D:1      | Noticed a tengu
    18 | D:1      | Noticed a human
    20 | D:1      | Noticed a draconian
    20 | D:1      | Noticed a halfling
    22 | D:1      | Noticed a merfolk
    22 | D:1      | Noticed a vine stalker
    24 | D:1      | Noticed a naga
    24 | D:1      | Noticed an elf
    26 | D:1      | Noticed a centaur
    26 | D:1      | Noticed a felid
   259 | D:1      | Reached XP level 2. HP: 16/19 MP: 2/2
   713 | D:1      | Reached XP level 3. HP: 24/24 MP: 3/3
  1019 | D:1      | Reached skill level 4 in Unarmed Combat
  1464 | D:2      | Reached ** piety under Trog
  1464 | D:2      | Reached XP level 4. HP: 28/29 MP: 4/4
  2216 | D:3      | Reached XP level 5. HP: 13/34 MP: 5/5
  2446 | D:3      | Noticed Sigmund
  2462 | D:3      | Reached skill level 5 in Unarmed Combat
  2481 | D:3      | Killed Sigmund
  2481 | D:3      | Reached skill level 5 in Fighting
  2481 | D:3      | Reached skill level 6 in Unarmed Combat
  2481 | D:3      | Reached XP level 6. HP: 20/40 MP: 6/6
  2796 | D:3      | Noticed Grinder
  2855 | D:3      | Killed Grinder
  2855 | D:3      | Reached XP level 7. HP: 19/45 MP: 7/7
  3072 | D:3      | You fall into a shaft and drop 3 floors!
  3108 | D:6      | Reached skill level 7 in Unarmed Combat
  3448 | D:6      | Reached XP level 8. HP: 52/52 MP: 8/8
  3530 | D:5      | Entered Level 5 of the Dungeon
  3575 | D:4      | Reached skill level 8 in Unarmed Combat
  4329 | D:5      | Reached *** piety under Trog
  4385 | D:5      | Reached skill level 9 in Unarmed Combat
  4539 | D:5      | Found a burning altar of Makhleb.
  4977 | D:6      | Reached XP level 9. HP: 58/58 MP: 9/9
  5560 | D:6      | Reached skill level 10 in Unarmed Combat
  5569 | D:6      | Found a staircase to the Ecumenical Temple.
  6074 | D:6      | Found a runed translucent door.
  6075 | D:6      | Noticed Crazy Yiuf
  6083 | D:6      | Killed Crazy Yiuf
  6175 | D:7      | Reached **** piety under Trog
  6217 | D:7      | Noticed Maggie
  6229 | D:7      | Killed Maggie
  6240 | D:7      | Reached skill level 11 in Unarmed Combat
  6850 | D:7      | Found an ancient bone altar of Kikubaaqudgha.
  7196 | D:8      | Reached XP level 10. HP: 51/66 MP: 10/10
  7453 | D:8      | Reached skill level 12 in Unarmed Combat
  7553 | D:8      | Reached skill level 10 in Fighting
  7816 | D:8      | Noticed a brown ugly thing
  7823 | D:8      | Killed a brown ugly thing
  8141 | D:9      | Reached ***** piety under Trog
  8789 | D:9      | Reached XP level 11. HP: 76/76 MP: 11/11
  8877 | D:10     | Entered Level 10 of the Dungeon
  9483 | D:10     | Found the +5 scythe "Finisher" {speed, eviscerate}
  9814 | D:11     | Noticed a two-headed ogre
  9821 | D:11     | Killed a two-headed ogre
  9821 | D:11     | Reached skill level 13 in Unarmed Combat
 10296 | D:11     | Found a staircase to the Lair.
 10485 | Lair:1   | Entered Level 1 of the Lair of Beasts
 10849 | Lair:1   | Received a gift from Trog
 11025 | Lair:1   | Noticed a five-headed hydra
 11033 | Lair:1   | Killed a five-headed hydra
 11033 | Lair:1   | Reached skill level 14 in Unarmed Combat
 11389 | Lair:2   | Reached XP level 12. HP: 79/84 MP: 12/12
 11526 | Lair:2   | Noticed a catoblepas
 11539 | Lair:2   | Killed a catoblepas
 12195 | Lair:3   | Found a runed translucent door.
 12518 | Lair:3   | Found a staircase to the Snake Pit.
 13248 | Lair:4   | Reached skill level 15 in Unarmed Combat
 13814 | Lair:4   | Found a staircase to the Swamp.
 13859 | Lair:4   | You fall into a shaft and drop 2 floors!
 13859 | Lair:6   | Entered Level 6 of the Lair of Beasts
 14383 | Lair:4   | Noticed Rupert
 14412 | Lair:5   | Killed Rupert
 14412 | Lair:5   | Reached skill level 16 in Unarmed Combat
 14412 | Lair:5   | Reached XP level 13. HP: 73/91 MP: 13/13
 14454 | Lair:5   | Received a gift from Trog
 14745 | Lair:4   | Noticed Josephine
 14756 | Lair:4   | Killed Josephine
 14839 | Lair:4   | Reached skill level 15 in Fighting
 15960 | Lair:5   | Reached skill level 17 in Unarmed Combat
 16121 | Lair:6   | Noticed Kirke
 16143 | Lair:6   | Killed Kirke
 16612 | Lair:6   | Gained mutation: Your large and strong wings let you fly
                  | indefinitely. [Gargoyle growth]
 16612 | Lair:6   | Reached XP level 14. HP: 77/99 MP: 14/14
 16904 | Lair:6   | Received a gift from Trog
 16904 | Lair:6   | Reached skill level 18 in Unarmed Combat
 18126 | D:12     | Found a staircase to the Orcish Mines.
 18353 | D:12     | You are sucked into a shaft and drop 1 floor!
 18689 | Orc:1    | Entered Level 1 of the Orcish Mines
 19184 | Orc:2    | Entered Level 2 of the Orcish Mines
 19846 | Orc:2    | Found a roughly hewn altar of Beogh.
 19858 | Orc:2    | Found Foussa Tome's Assorted Antiques.
 19988 | Orc:2    | Received a gift from Trog
 20323 | Orc:2    | Found a staircase to the Elven Halls.
 20539 | Orc:2    | Found a roughly hewn altar of Beogh.
 20569 | Orc:2    | Found a roughly hewn altar of Beogh.
 20569 | Orc:2    | Noticed Saint Roka
 20587 | Orc:2    | Killed Saint Roka
 20881 | Orc:2    | Found Ruxtas's Antique Weapon Boutique.
 20909 | Orc:2    | Found Upropn's Antique Armour Shop.
 20910 | Orc:2    | Found a roughly hewn altar of Beogh.
 20924 | Orc:2    | Bought the +0 mask of the Dragon {MR+ Slay+3 SInv} for 1202
                  | gold pieces
 20924 | Orc:2    | Found the +0 mask of the Dragon {MR+ Slay+3 SInv}
 21008 | Orc:2    | Found a roughly hewn altar of Beogh.
 21033 | Orc:2    | Found a roughly hewn altar of Beogh.
 21131 | Orc:2    | Found a roughly hewn altar of Beogh.
 21149 | Orc:2    | Found Jukuqine's Weapon Shoppe.
 21567 | D:13     | Found the +7 great mace "Firestarter" {inner flame, rF++}
 21715 | D:13     | Reached XP level 15. HP: 108/108 MP: 15/15
 21772 | D:13     | Found a gate to the Vaults.
 22040 | D:13     | Received a gift from Trog
 22461 | D:14     | Found a blossoming altar of Fedhas.
 22484 | D:14     | Found a runed translucent door.
 22510 | D:14     | Found a runed translucent door.
 22512 | D:14     | Found a runed translucent door.
 22661 | D:14     | Identified the +6 rapier "Othyur" {speed, rPois rC+ Str-2
                  | Int+4}
 23968 | Lair:3   | Reached skill level 19 in Unarmed Combat
 24378 | Lair:3   | Found the +10 dark maul {vorpal}
 24641 | D:14     | Identified a scroll of acquirement
 24645 | D:15     | Entered Level 15 of the Dungeon
 25262 | D:14     | Received a gift from Trog
 25744 | D:15     | Reached skill level 20 in Unarmed Combat
 25752 | D:15     | Reached XP level 16. HP: 116/116 MP: 16/16
 25883 | D:15     | Found a shattered altar of Ashenzari.
 26426 | D:15     | Found a staircase to the Depths.
 26810 | Swamp:1  | Entered Level 1 of the Swamp
 27992 | Swamp:1  | Reached skill level 21 in Unarmed Combat
 28588 | Swamp:1  | Reached ****** piety under Trog
 29714 | Swamp:3  | HP: 7/178 [alligator (7)]
 29714 | Swamp:3  | Demolished by an alligator

Illustrated notes

Levels and vault maps discovered:
D:1:      kb_arrival_jail, layout_basic
D:2:      layout_loops_ring
D:3:      layout_rooms, uniq_sigmund, uniq_grinder
D:4:      layout_basic, first_ration
D:5:      layout_loops_ring, hangedman_abyss_or_decor_passed,
          grunt_ministairs_12, bloody_makhleb
D:6:      layout_basic, minmay_temple_entry_enclosed_plants,
          uniq_crazy_yiuf_cottage
D:7:      layout_loops_ring, kennysheep_mini, hex_tiny, uniq_maggie
D:8:      layout_cave_pools, serial_park, serial_park_paths
          [serial_park_minivault_5x5_3], serial_park_tiny_pond
D:9:      layout_loops_ring
D:10:     layout_cave_pools, grunt_pizzeria, minmay_guarded_unrand_finisher
D:11:     layout_layer_cave, lair_entry_dummy, corexii_corridor_pit
D:12:     layout_roguey, zombieorc1_lemuel
D:13:     layout_roguey, skrybe_vaults_entry_preservation
D:14:     minmay_the_grid_triangle_9x9_recursive_3
          [minmay_the_grid_triangle_9x9_corrupted_corridor,
          minmay_the_grid_triangle_9x9_odd_lines,
          minmay_the_grid_triangle_9x9_cache,
          minmay_the_grid_triangle_9x9_prize_insulated,
          minmay_the_grid_triangle_9x9_subtriangle,
          minmay_the_grid_triangle_9x9_tough_junction,
          minmay_the_grid_triangle_9x9_sparse_checkered,
          minmay_the_grid_triangle_9x9_empty,
          minmay_the_grid_triangle_9x9_shrine], layout_basic
D:15:     gammafunk_enter_depths_forms, layout_basic, evilmike_ruin_ashenzari
Lair:1:   layout_misc_corridors, serial_bayou_pond_c, grunt_megastairs_3
Lair:2:   layout_cave_shapes, kennysheep_abandoned_house, grunt_megastairs_4
Lair:3:   gammafunk_mikee_crab_dinner, layout_regular_city,
          guppyfry_snake_entry_island
Lair:4:   layout_cave_shapes, minmay_swamp_entry_worms,
          eino_small_chamber_without_monster, uniq_josephine, uniq_rupert
Lair:5:   layout_hall_layers, minmay_slime_entry_oklob_open,
          grunt_forest_small_clearings
Lair:6:   grunt_lair_end_beastmaster, layout_big_grid, serial_rivers,
          chequers_serial_rivers_marsh, chequers_serial_rivers_room_b,
          chequers_serial_rivers_room_b, chequers_serial_rivers_micro_a,
          chequers_serial_rivers_small_3, chequers_serial_rivers_small_3,
          serial_bayou_lake_a, uniq_kirke
Swamp:1:  layout_basic_swamp, evilmike_swamp_ruin_rubble_2
Swamp:2:  layout_basic_swamp, evilmike_swamp_ruin_rubble_1, swamp_pool5,
          grunt_hermit_hut
Swamp:3:  layout_basic_swamp, serial_swamp_ruin, evilmike_swamp_ruin_house_5,
          hangedman_swamp_ruin_wall, swamp_pool1
Orc:1:    layout_diamond_mine
Orc:2:    grunt_orc_community_town_hall, layout_caves,
          grunt_orc_community_big_house_2, grunt_orc_community_big_house_2,
          grunt_orc_community_house_3, grunt_orc_community_house_3,
          grunt_orc_community_house_3, grunt_orc_community_house_1,
          grunt_orc_community_house_1

Skill      XL: |  1  2  3  4  5  6  7  8  9 10 11 12 13 14 15 16 |
---------------+-------------------------------------------------+-----
Unarmed Combat | 4 6 7 9 11 12 14 16 17 18 20 21 | 21.5
Fighting       | 4 5 6 7 9 12 13 14 15 18 19 20 | 20.2
Armour         | |  2.1
Dodging        | |  1.5

Action                   |  1- 3 |  4- 6 |  7- 9 | 10-12 | 13-15 | 16-18 || total
-------------------------+-------+-------+-------+-------+-------+-------++-------
Melee: Unarmed           |   121 |   147 |   438 |   802 |  1337 |   394 ||  3239
       Punch             |     2 |     5 |    13 |    35 |    97 |    29 ||   181
Invok: Trog's Hand       |       |     3 |     4 |     3 |    11 |     2 ||    23
       Berserk           |       |     1 |     5 |     2 |     2 |     2 ||    12
       Brothers in Arms  |       |       |       |       |     5 |     1 ||     6
 Abil: Fly               |       |       |       |       |     1 |       ||     1
  Use: Scroll            |       |       |     8 |    20 |    10 |     1 ||    39
       Potion            |       |       |       |     2 |       |       ||     2
 Stab: Invisible         |       |       |     2 |       |       |       ||     2
       Petrified         |       |       |       |       |     2 |       ||     2
       Distracted        |       |       |       |       |     1 |       ||     1
       Confused          |       |       |       |       |       |     6 ||     6
  Eat: Chunk             |     2 |     6 |    19 |    28 |    41 |    10 ||   106
       Ration            |       |       |       |     1 |     3 |     1 ||     5
Armor: Animal skin       |    13 |       |       |       |       |       ||    13
       Leather armour    |    30 |     1 |       |       |       |       ||    31
       Scale mail        |       |    56 |       |       |       |       ||    56
       Chain mail        |       |       |    22 |       |       |       ||    22
       Plate armour      |       |       |   281 |   414 |   858 |   297 ||  1850
Dodge: Dodged            |    71 |    70 |   128 |   327 |   691 |   233 ||  1520

Table legend:
 A = Non-vault XP
 B = Vault XP
 C = Vault XP percentage of total XP
 D = Non-vault monster count
 E = Vault monster count
 F = Vault count percentage of total count
                 A         B        C        D         E       F
            +---------+---------+-------+---------+---------+-------
      Total |  107886 |   60737 |  36.0 |     647 |     209 |  24.4
            +---------+---------+-------+---------+---------+-------
        D:1 |      65 |       0 |   0.0 |      27 |       0 |   0.0
        D:2 |      32 |       0 |   0.0 |      15 |       0 |   0.0
        D:3 |     189 |     519 |  73.3 |      26 |       2 |   7.1
        D:4 |     282 |       0 |   0.0 |      10 |       0 |   0.0
        D:5 |     511 |      18 |   3.4 |      17 |       2 |  10.5
        D:6 |    1377 |      41 |   2.9 |      37 |       1 |   2.6
        D:7 |     999 |     395 |  28.3 |      21 |       1 |   4.5
        D:8 |    1937 |     691 |  26.3 |      30 |       3 |   9.1
        D:9 |    2236 |       0 |   0.0 |      35 |       0 |   0.0
       D:10 |    1340 |     644 |  32.5 |      18 |       3 |  14.3
       D:11 |    2581 |       0 |   0.0 |      23 |       0 |   0.0
       D:12 |    1734 |     656 |  27.4 |      16 |      28 |  63.6
       D:13 |    6850 |    2553 |  27.2 |      23 |       8 |  25.8
       D:14 |    5642 |    9177 |  61.9 |      26 |      19 |  42.2
       D:15 |   14275 |    4546 |  24.2 |      47 |       8 |  14.5
     Lair:1 |    3940 |     137 |   3.4 |      14 |       1 |   6.7
     Lair:2 |    2057 |    1493 |  42.1 |       9 |      17 |  65.4
     Lair:3 |    1806 |   13395 |  88.1 |      11 |      15 |  57.7
     Lair:4 |    7847 |    2417 |  23.5 |      30 |       7 |  18.9
     Lair:5 |    9954 |    3186 |  24.2 |      36 |       1 |   2.7
     Lair:6 |    7211 |   11641 |  61.7 |      25 |      20 |  44.4
    Swamp:1 |   17493 |       0 |   0.0 |      47 |       0 |   0.0
    Swamp:2 |    5788 |     932 |  13.9 |      17 |       4 |  19.0
    Swamp:3 |    4306 |       0 |   0.0 |      11 |       0 |   0.0
      Orc:1 |    4017 |       0 |   0.0 |      44 |       0 |   0.0
      Orc:2 |    3417 |    8296 |  70.8 |      32 |      69 |  68.3
            +---------+---------+-------+---------+---------+-------
